 Dungeon Crawl Stone Soup version 0.21.1-1-g345015fe64 (webtiles) character file.

1083 Kohma the Quickloader (level 8, 70/70 HPs)
             Began as a Centaur Hunter on June 22, 2018.
             Was an Initiate of Okawaru.
             Quit the game on level 5 of the Dungeon.
             The game lasted 00:20:33 (5381 turns).

Kohma the Quickloader (Centaur Hunter)              Turns: 5381, Time: 00:20:33

Health: 70/70      AC:  9    Str: 16    XL:     8   Next: 8%
Magic:  8/8        EV:  8    Int: 10    God:    Okawaru [......]
Gold:   167        SH:  0    Dex: 11    Spells: 7/7 levels left

rFire    . . .     SeeInvis .   a - +1 hand crossbow
rCold    . . .     Gourm    .   (no shield)
rNeg     . . .     Faith    .   o - +0 ring mail
rPois    .         Spirit   .   (no helmet)
rElec    .         Reflect  .   F - +0 cloak
rCorr    .         Harm     .   C - +2 pair of gloves
MR       .....                  (no barding)
Stlth    ..........             (no amulet)
HPRegen  0.21/turn              t - ring of wizardry
MPRegen  0.11/turn              B - ring of flight

@: very quick
A: large, hooves 3, deformed body, speed 2, tough skin 3
a: Renounce Religion, Evoke Flight


You were on level 5 of the Dungeon.
You worshipped Okawaru.
Okawaru was noncommittal.
You were hungry.

You visited 2 branches of the dungeon, and saw 6 of its levels.
You also visited: Ossuary.

You collected 167 gold pieces.

Inventory:

Hand Weapons
 a - a +1 hand crossbow (weapon)
 m - a +1 mace of crushing
Missiles
 d - 13 bolts (quivered)
 h - 108 sling bullets
Armour
 o - a +0 ring mail (worn)
 s - a +0 chain mail
 C - a +2 pair of gloves (worn)
 F - a +0 cloak (worn)
Jewellery
 t - a ring of wizardry (left hand)
 z - an uncursed ring of ice
 B - a ring of flight (right hand)
Wands
 y - a wand of acid (10)
Scrolls
 b - a scroll of teleportation {unknown}
 c - a scroll of enchant armour
 i - 2 scrolls of identify
 k - 2 scrolls of immolation
Potions
 g - 4 potions of flight
 j - 2 potions of invisibility
 n - 2 potions of haste
 p - a potion of mutation {unknown}
 q - 3 potions of heal wounds
 u - a potion of magic {unknown}
 w - 2 potions of might {unknown}
 x - a potion of ambrosia {unknown}
 E - a potion of brilliance {unknown}
Books
 r - a book of Cantrips

   Spells                             Type                      Level
   a - Confusing Touch                Hexes                        1
   b - Animate Skeleton               Necromancy                   1
   c - Summon Small Mammal            Summoning                    1
   d - Apportation                    Translocation                1
Comestibles
 f - 10 rations


   Skills:
 + Level 5.7 Fighting
 * Level 9.6 Crossbows
 - Level 1.3 Dodging
 - Level 0.4 Stealth


You had 7 spell levels left.
You didn't know any spells.

Dungeon Overview and Level Annotations

Branches:
Dungeon (5/15)             Temple (1/1) D:4

Altars:
Ashenzari
Cheibriados
Dithmenos
Elyvilon
Fedhas
Gozag
Hepliaklqana
Kikubaaqudgha
Nemelex Xobeh
Okawaru
Qazlal
Ru
Sif Muna
Trog
Uskayaw
Wu Jian
Yredelemnul


Innate Abilities, Weirdness & Mutations

You have hooves in place of feet.
Armour fits poorly on your strangely shaped body.
You cover ground very quickly.
You have extremely tough skin. (AC +3)


Message History

Press: ? - help, Shift-Dir - straight line, f/p - water moccasin skeleton
Aim: a water moccasin skeleton (moderately damaged)
You shoot a bolt.
The bolt hits the water moccasin skeleton!
The water moccasin skeleton is heavily damaged.
The water moccasin skeleton bites you but does no damage.
The water moccasin skeleton closely misses you.
Firing (i - inventory):
d - 11 bolts (quivered)
Press: ? - help, Shift-Dir - straight line, f/p - water moccasin skeleton
Aim: a water moccasin skeleton (heavily damaged)
You shoot a bolt.
The bolt hits the water moccasin skeleton!
You destroy the water moccasin skeleton!
Okawaru accepts your kill.
No target in view!
d - 13 bolts (gained 3)
f - 10 rations (gained 1)
An iguana comes into view.
The iguana hisses angrily.
Are you sure you want to abandon this character and quit the game? (Confirm with "yes".)

# .## ...# #.#######..#
...# #...@...##.##...#
.# #........##..#...#
#.# #................#
#.# ...................#
#.# ...................#
#.# .l.................#
#.#
................#+####.#
...#....................
#..#######.#.#.##.#..


You could see an iguana.

Vanquished Creatures
  Sigmund (D:3)
  A phantom (D:4)
  An ogre (D:4)
  2 elf zombies (Ossuary)
  2 water moccasin skeletons
  Crazy Yiuf (D:4)
  2 hounds
  An orc priest (D:3)
  2 orc wizards (D:3)
  Natasha (thrice) (D:3)
  2 big kobold zombies (Ossuary)
  3 mummies
  A worker ant zombie (D:5)
  4 gnolls (D:2)
  5 adders
  2 oozes (D:1)
  An adder zombie (Ossuary)
  2 dart slugs
  A leopard gecko (D:3)
  6 orcs (D:3)
  A ball python (D:2)
  7 bats
  2 giant cockroaches
  10 goblins
  9 hobgoblins
  3 jackals (D:1)
  2 quokkas
  2 frilled lizards
  3 goblin zombies (Ossuary)
  13 hobgoblin zombies
  2 jackal zombies (Ossuary)
  7 kobolds
  5 kobold zombies (Ossuary)
  10 orc zombies
  9 rats
  A rat zombie (Ossuary)
129 creatures vanquished.

Notes
Turn   | Place    | Note
-------+----------+-------------------------------------------
     0 | D:1      | Kohma the Centaur Hunter began the quest for the Orb.
     0 | D:1      | Reached XP level 1. HP: 17/17 MP: 1/1
   137 | D:1      | Reached XP level 2. HP: 24/24 MP: 2/2
   354 | D:1      | Reached skill level 5 in Crossbows
   627 | D:1      | Reached XP level 3. HP: 25/30 MP: 3/3
  1473 | D:2      | Reached XP level 4. HP: 32/37 MP: 4/4
  1763 | D:2      | Reached skill level 6 in Crossbows
  2087 | D:3      | Reached XP level 5. HP: 30/45 MP: 5/5
  2571 | D:3      | Noticed Sigmund
  2598 | D:3      | Killed Sigmund
  2598 | D:3      | Reached skill level 7 in Crossbows
  2598 | D:3      | Reached XP level 6. HP: 45/52 MP: 6/6
  2775 | D:3      | Noticed Natasha
  2777 | D:3      | Killed Natasha
  2950 | D:3      | Noticed Natasha
  2953 | D:3      | Killed Natasha
  3157 | D:3      | Noticed Natasha
  3159 | D:3      | Killed Natasha
  3264 | D:4      | Found a sand-covered staircase.
  3272 | Ossuary  | Entered an ossuary
  3425 | Ossuary  | Reached skill level 8 in Crossbows
  3425 | Ossuary  | Reached XP level 7. HP: 60/60 MP: 7/7
  3718 | Ossuary  | Reached skill level 5 in Fighting
  4237 | D:4      | Reached skill level 9 in Crossbows
  4505 | D:4      | Found a bloodstained altar of Trog.
  4706 | D:4      | Found a runed door.
  4710 | D:4      | Noticed Crazy Yiuf
  4742 | D:4      | Killed Crazy Yiuf
  4878 | D:4      | Found a staircase to the Ecumenical Temple.
  4887 | Temple   | Entered the Ecumenical Temple
  5014 | Temple   | Became a worshipper of Warmaster Okawaru
  5185 | D:5      | Entered Level 5 of the Dungeon
  5190 | D:5      | Reached XP level 8. HP: 66/70 MP: 8/8
  5254 | D:5      | Found a shattered altar of Ashenzari.
  5381 | D:5      | Quit the game

Skill      XL: |  1  2  3  4  5  6  7 |
---------------+----------------------+-----
Crossbows      | 5 6 7 8 9 |  9.6
Fighting       | 3 4 5 |  5.7
Dodging        | |  1.3
Stealth        | |  0.4

Action                   |  1- 3 |  4- 6 |  7- 9 || total
-------------------------+-------+-------+-------++-------
Melee: Short sword       |    53 |     3 |   119 ||   175
       Kick              |    12 |     2 |    36 ||    50
 Fire: Hand crossbow     |    48 |   134 |    60 ||   242
  Use: Scroll            |       |     9 |     4 ||    13
  Eat: Chunk             |     1 |     1 |     1 ||     3
       Ration            |       |     1 |     1 ||     2
Armor: Leather armour    |    17 |       |       ||    17
       Ring mail         |    14 |    16 |    57 ||    87
Dodge: Dodged            |    55 |    15 |    56 ||   126
